AoeStats
← Ken

Arabia

504665952Analyzed
1v1 RM · 26d ago on Sep 6, 2026· 44m 31s· 2 players
Game mode
Random Map
Map size
Tiny (2 player)
Population
200
Speed
Normal
Resources
Standard
Victory
Conquest
Starting age
Dark Age
Ending age
Imperial Age
RankedLock teamsTeams togetherTeam positionsShared explorationLock speedFull tech treeHidden civsTurbo modeCheats
Victory
Defeat
🇺🇸 Vietnamese · United States
940
+15
🇨🇳 Vietnamese · China
916
-15
Ken
1:15 Loom
10:24 Feudal Age
11:33 Double-Bit Axe
14:59 Horse Collar
22:27 Castle Age
21:08 Bloodlines
24:17 Bow Saw
25:03 Wheelbarrow
24:42 Stone Mining
24:42 Gold Mining
24:55 Scale Mail Armor
25:06 Forging
24:46 Fletching
29:08 Hand Cart
29:39 Husbandry
30:28 Pikeman
31:08 Squires
31:46 Fletching
31:56 Padded Archer Armor
33:23 Stone Shaft Mining
33:26 Heavy Plow
39:27 Imperial Age
36:30 Elite Skirmisher
40:35 Paper Money
40:15 Chatras
39:52 Elite Fire Lancer
41:10 Halberdier
44:18 Imperial Skirmisher
Concept of Law
9:28 Loom
11:55 Feudal Age
12:51 Double-Bit Axe
12:46 Horse Collar
19:58 Castle Age
18:11 Fletching
18:24 Gold Mining
19:41 Bloodlines
20:54 Forging
22:00 Crossbowman
23:35 Bow Saw
24:14 Wheelbarrow
23:46 Bodkin Arrow
25:37 Hand Cart
25:08 Town Watch
25:35 Heavy Plow
26:50 Husbandry
28:30 Padded Archer Armor
32:12 Imperial Age
29:54 Scale Barding Armor
30:43 Ballistics
31:24 Husbandry
33:10 Chain Barding Armor
34:26 Chemistry
33:19 Cavalier
34:17 Leather Archer Armor
35:51 Bracer
36:55 Ring Archer Armor
37:22 Arbalester
38:40 Iron Casting
39:28 Thumb Ring
39:50 Siege Engineers
39:15 Pikeman
39:19 Elite Skirmisher
40:40 Scale Mail Armor
41:17 Plate Barding Armor
41:34 Imperial Skirmisher
43:45 Paper Money
Connection lost

Rejoining the realm…

Still unreachable

The connection could not be restored.

Session expired

The server has moved on; the page needs a fresh start.